 Dungeon Crawl Stone Soup version 0.26.1-2-gb8aa6d0 (webtiles) character file.

Game seed: 4642055775033994850

527 Gobli the Conjurer (level 7, 0/41 HPs)
             Began as an Octopode Hedge Wizard on Feb 16, 2021.
             Slain by a worker ant (4 damage)
             ... on level 3 of the Dungeon.
             The game lasted 00:23:52 (5944 turns).

Gobli the Conjurer (Octopode Hedge Wizard)          Turns: 5944, Time: 00:23:52

Health: 0/41       AC:  1    Str: 10    XL:     7   Next: 23%
Magic:  8/11       EV: 13    Int: 18    God:
Gold:   263        SH:  0    Dex: 11    Spells: 6/12 levels left

rFire    + . .     SeeInvis .   o - staff of poison
rCold    . . .     Faith    .   (no shield)
rNeg     . . .     Spirit   .   b - +0 hat
rPois    +         Reflect  .   (no amulet)
rElec    .         Harm     .   e - ring of protection from fire
rCorr    .         Rampage  .   c - ring of poison resistance
Will     .....                  (no ring)
Stlth    +++.......             (no ring)
HPRegen  0.13/turn              (no ring)
MPRegen  0.12/turn              (no ring)
                                (no ring)
                                (no ring)

@: no status effects
A: almost no armour, stealthy swim, amphibious, 8 rings, constrict 8, camouflage
1, gelatinous body 1
a: no special abilities


You were on level 3 of the Dungeon.
You visited 1 branch of the dungeon, and saw 4 of its levels.

You collected 263 gold pieces.

Inventory:

Hand Weapons
 a - a +1 dagger
 g - a -2 spear
 h - a +0 dagger of flaming
Armour
 b - a +0 hat (worn)
Magical Staves
 o - an uncursed staff of poison (weapon)
 q - an uncursed staff of cold
Jewellery
 c - a ring of poison resistance (right tentacle)
 e - a ring of protection from fire (left tentacle)
Wands
 m - a wand of polymorph (9)
Scrolls
 d - 8 scrolls of identify
 k - 2 scrolls of remove curse
Potions
 f - a potion of resistance
 i - a potion of lignification {unknown}
 j - a potion of flight {unknown}
 l - 2 potions of might {unknown}
 n - a potion of curing
 p - a potion of haste {unknown}


   Skills:
 - Level 2.0 Dodging
 - Level 2.6 Stealth
 - Level 3.0 Spellcasting
 - Level 5.0 Conjurations
 - Level 1.0 Summonings
 - Level 3.7 Translocations
 + Level 4.5 Poison Magic


You had 6 spell levels left.
You knew the following spells:

 Your Spells              Type           Power        Failure   Level
a - Magic Dart            Conj           80%          1%          1
b - Blink                 Tloc           N/A          5%          2
c - Mephitic Cloud        Conj/Pois/Air  21%          13%         3

Your spell library contained the following spells:

 Spells                   Type           Power        Failure   Level
 Gell's Gravitas          Tloc           8%           11%         3
 Call Imp                 Summ           6%           16%         2
 Conjure Flame            Conj/Fire      11%          17%         3
 Slow                     Hex            2%           24%         2
 Confusing Touch          Hex            2%           43%         3
 Petrify                  Tmut/Erth      2%           85%         4
 Metabolic Englaciation   Hex/Ice        1%           99%         5
 Yara's Violent Unravell  Hex/Tmut       1%           99%         5


Dungeon Overview and Level Annotations

Branches:
Dungeon (4/15)
 Temple: D:4-7

Altars:
Ashenzari
Gozag
Makhleb
Nemelex Xobeh
Okawaru
Sif Muna
Trog
Zin
The Shining One


Innate Abilities, Weirdness & Mutations

You cannot wear most types of armour.
You are very stealthy in the water. (Stealth+)
You are amphibious.
You can wear up to eight rings at the same time.
You can use your tentacles to constrict eight enemies at once.
Your skin changes colour to match your surroundings (Stealth+).
Your rubbery body absorbs attacks. (AC +1, EV +1)


Message History

The worker ant closely misses you.
Casting: Magic Dart (safe; 1% risk of failure)
Confirm with . or Enter, or press ? or * to list all spells.
Aiming: Magic Dart (safe; 1% risk of failure)
Press: ? - help, Shift-Dir - straight line, f/p - worker ant
Aim: a worker ant (lightly wounded, 0% to evade)
The magic dart hits the worker ant but does no damage.
The worker ant is lightly wounded.
The worker ant closely misses you.
Casting: Magic Dart (safe; 1% risk of failure)
Confirm with . or Enter, or press ? or * to list all spells.
Aiming: Magic Dart (safe; 1% risk of failure)
Press: ? - help, Shift-Dir - straight line, f/p - worker ant
Aim: a worker ant (lightly wounded, 0% to evade)
The magic dart hits the worker ant.
The worker ant is moderately wounded.
The worker ant bites you.
* * * LOW HITPOINT WARNING * * *
The worker ant bites you.
You die...

##.............)....# #.# ##.###
#.##.....#.........###.####.....
#........#.##.#...............>.
####.#..##.##.#.#.##.#####......
#.#..##.##.#.#.##.#####......
#.#........#.#.##............
#.#...###..#)#...............
#####.....# #..#.##########.#####
.....##<..###.##@# #.# ##
.....##.......##B## #.####<
####.##..#.#......#########......
# #.##...#.####............####.
####........# ##.#########.# ##
.....)......# #.# #.# #
............# #.# #.# #
.###.#....### #.# #.# # ##
#.#.#..#######.#########.# #


You could see a worker ant.

Vanquished Creatures
  2 phantoms (D:4)
  2 hounds
  A jelly (D:2)
  Jessica (D:3)
  An iguana (D:4)
  Natasha (twice) (D:3)
  3 gnolls (D:2)
  4 adders
  A river rat (D:3)
  An adder zombie (D:3)
  2 worms (D:3)
  2 dart slugs (D:1)
  4 leopard geckos
  4 giant cockroaches
  7 goblins
  7 hobgoblins
  8 jackals
  10 kobolds
  A quokka (D:2)
  2 ball pythons (D:2)
  9 bats
  4 frilled lizards
  9 rats
87 creatures vanquished.

Vanquished Creatures (others)
  5 plants (D:2)
5 creatures vanquished.

Grand Total: 92 creatures vanquished

Notes
Turn   | Place    | Note
-------+----------+-------------------------------------------
     0 | D:1      | Gobli the Octopode Hedge Wizard began the quest for the
                  | Orb.
     0 | D:1      | Reached XP level 1. HP: 11/11 MP: 4/4
   246 | D:1      | Reached skill level 2 in Conjurations
   246 | D:1      | Reached XP level 2. HP: 17/17 MP: 1/6
   890 | D:1      | Reached XP level 3. HP: 14/21 MP: 1/7
  1021 | D:1      | Reached skill level 3 in Conjurations
  1929 | D:1      | Learned a level 2 spell: Blink
  2180 | D:2      | Found a bloodstained altar of Trog.
  2181 | D:2      | Found an iron altar of Okawaru.
  2181 | D:2      | Found a glowing golden altar of the Shining One.
  2245 | D:2      | Reached XP level 4. HP: 27/27 MP: 1/8
  2648 | D:2      | Found a burning altar of Makhleb.
  2663 | D:2      | Found a glowing silver altar of Zin.
  2663 | D:2      | Noticed an angel
  2663 | D:2      | Noticed a cacodemon
  2824 | D:2      | Reached XP level 5. HP: 31/31 MP: 2/9
  2957 | D:2      | Found a faded altar of an unknown god.
  3105 | D:2      | Found an opulent altar of Gozag.
  3106 | D:2      | Found a sparkling altar of Nemelex Xobeh.
  3403 | D:3      | Noticed Natasha
  3519 | D:3      | Noticed Jessica
  4395 | D:3      | Killed Natasha
  4396 | D:3      | Reached skill level 4 in Conjurations
  4462 | D:3      | Noticed Natasha
  4468 | D:3      | Killed Natasha
  4469 | D:3      | Reached XP level 6. HP: 25/36 MP: 4/10
  4615 | D:3      | Found a shimmering blue altar of Sif Muna.
  4625 | D:3      | Killed Jessica
  4736 | D:3      | Learned a level 3 spell: Mephitic Cloud
  4737 | D:4      | Noticed a phantom
  5056 | D:4      | Reached skill level 1 in Poison Magic
  5220 | D:4      | Killed a phantom
  5221 | D:4      | Reached skill level 5 in Conjurations
  5349 | D:4      | Reached XP level 7. HP: 41/41 MP: 9/11
  5639 | D:4      | Found a broken altar of Ashenzari.
  5808 | D:4      | Noticed Edmund
  5938 | D:4      | HP: 2/41 [poisoned by a worker ant]
  5944 | D:3      | Slain by a worker ant

Illustrated notes

Levels and vault maps discovered:
D:1:      dpeg_arrival_water_temple_mockup, layout_basic, nrook_uturn
D:2:      layout_basic, grunt_temple_overflow_order_and_chaos_2,
          grunt_temple_overflow_opulence,
          chequers_temple_overflow_statue_of_worship,
          chequers_ecumenical_altar_lobes
D:3:      layout_loops_ring, lemuel_crystal_altar, portal_sewer_entry_b,
          patterned_corridor, uniq_natasha, uniq_jessica
D:4:      layout_gridville, lemuel_crystal_altar, nicolae_ashenzari_panopticon,
          uniq_edmund

Skill      XL: |  1  2  3  4  5  6  7 |
---------------+----------------------+-----
Conjurations   | 2 3 4 5 |  5.0
Translocations | 2 3 |  3.7
Poison Magic   | 3 4 |  4.5
Dodging        | |  2.0
Stealth        | |  2.6
Spellcasting   | |  3.0
Summonings     | |  1.0

Action                   |  1- 3 |  4- 6 |  7- 9 || total
-------------------------+-------+-------+-------++-------
Melee: Spear             |     7 |       |       ||     7
       Dagger            |     9 |    14 |       ||    23
       Constrict         |     5 |     5 |     1 ||    11
       Tentacles         |     3 |     5 |       ||     8
       Staff             |       |     5 |     2 ||     7
 Cast: Magic Dart        |   103 |   146 |    30 ||   279
       Mephitic Cloud    |       |       |     2 ||     2
  Use: Scroll            |     7 |     1 |     1 ||     9
       Potion            |       |       |     1 ||     1
Armor: Skin              |     5 |     2 |       ||     7
Dodge: Dodged            |    21 |    28 |     8 ||    57
